 Dungeon Crawl Stone Soup version 0.29.1-15-g9cfb28693d (webtiles) character file.

Game seed: 3343576493910411513

56 booth the Ducker (level 3, -3/28 HPs)
             Began as a Demonspawn Gladiator on Apr 9, 2023.
             Was an Initiate of Yredelemnul.
             Slain by a gnoll
             ... wielding a +0 whip
              (5 damage)
             ... on level 2 of the Dungeon.
             The game lasted 00:10:59 (1505 turns).

booth the Ducker (Demonspawn Gladiator)             Turns: 1505, Time: 00:10:59

Health: -3/28      AC:  7    Str: 14    XL:     3   Next: 71%
Magic:  3/3        EV: 12    Int: 11    God:    Yredelemnul [......]
Gold:   80         SH:  0    Dex: 14    Spells: 2/2 levels left

rFire   + . .      SeeInvis .   a - +1 war axe
rCold   . . .      Faith    .   (no shield)
rNeg    . . .      Spirit   .   b - +0 leather armour
rPois   .          Reflect  .   c - +0 helmet
rElec   .          Harm     .   (no cloak)
rCorr   .          Rampage  .   (no gloves)
Will    .....                   m - +0 pair of boots
Stlth   +.........              (no amulet)
HPRegen 0.09/turn               h - ring of protection from fire
MPRegen 0.08/turn               (no ring)

@: no status effects
A: hooves 1, slimy green scales 1
a: Renounce Religion, Recall Undead Harvest


You were on level 2 of the Dungeon.
You worshipped Yredelemnul.
Yredelemnul was noncommittal.
You visited 1 branch of the dungeon, and saw 2 of its levels.

You collected 80 gold pieces.

Inventory:

Hand Weapons
 a - a +1 war axe (weapon)
 n - a +0 mace
Missiles
 d - 3 throwing nets (quivered)
 e - a javelin
Armour
 b - a +0 leather armour (worn)
 c - a +0 helmet (worn)
 m - a +0 pair of boots (worn)
Jewellery
 h - a ring of protection from fire (left hand)
Scrolls
 l - 2 scrolls of noise {unknown}
Potions
 f - 2 potions of might {unknown}
 g - a potion of flight {unknown}
 i - a potion of resistance {unknown}
 j - a potion of haste {unknown}
 k - a potion of curing {unknown}
 o - 2 potions of heal wounds {unknown}
 p - a potion of brilliance {unknown}


   Skills:
 + Level 2.6 Fighting
 + Level 3.1 Axes
 + Level 2.3 Throwing
 + Level 3.2 Dodging


You had 2 spell levels left.
You didn't know any spells.
Your spell library was empty.

Dungeon Overview and Level Annotations

Branches:
Dungeon (2/15)

Altars:
Yredelemnul

Shops:
D:1 (


Innate Abilities, Weirdness & Mutations

You have large cloven feet.
You are partially covered in slimy green scales. (AC +2)


Message History

The gnoll hits you with a +0 club.
Your kobold zombie hits the gnoll.
You slash the gnoll!
The gnoll is severely wounded.
The giant cockroach bites your kobold zombie.
The gnoll hits you from afar with a +0 spear.
The gnoll hits you with a +0 club.
The giant cockroach barely misses your kobold zombie.
Your kobold zombie hits the gnoll but does no damage.
The giant cockroach bites your kobold zombie.
The gnoll hits you but does no damage. The gnoll closely misses you.
Your kobold zombie barely misses the gnoll.
The gnoll attacks as you move away! The gnoll hits you but does no damage.
The giant cockroach bites your kobold zombie.
The gnoll hits you from afar with a +0 spear.
The giant cockroach bites your kobold zombie.
The gnoll completely misses you. The gnoll barely misses you.
The gnoll hits you but does no damage.
Your kobold zombie hits the giant cockroach but does no damage.
The giant cockroach bites your kobold zombie.
You slash the gnoll!
The gnoll is severely wounded.
You barely miss the gnoll. x2; The gnoll hits you with a +0 spear.
The gnoll closely misses you. The gnoll hits you with a +0 whip.
Your kobold zombie hits the giant cockroach but does no damage.
The giant cockroach barely misses your kobold zombie.
The gnoll barely misses you. x2; The gnoll closely misses you.
You hit the gnoll.
The gnoll is almost dead.
You hit the gnoll. You barely miss the gnoll.
The giant cockroach completely misses your kobold zombie.
Your kobold zombie barely misses the giant cockroach.
The giant cockroach bites your kobold zombie.
Your kobold zombie is destroyed!
The gnoll hits you with a +0 spear!
* * * LOW HITPOINT WARNING * * *
The gnoll hits you with a +0 club.
* * * LOW HITPOINT WARNING * * *
The gnoll hits you with a +0 whip.
You die...
Your body rises from the dead as a mindless zombie.

##.. ##.....### ...# # # ).... ##
##...## ..##. .##....... ##'##
#...# #......#.# #.# #...#
#..##..#.## #.# #.#.# #..# .l...#
##.## #.#.#####..# #S#..# ##...##
###.#........###g#..# #.....# ##
........####..B.@g..#.###...####.
######### #####.g...............
##################


You could see 3 gnolls, an adder, a giant cockroach and a frilled lizard.

Vanquished Creatures
  A gnoll (D:1)
  A worm (D:2)
  3 endoplasms
  A giant cockroach (D:1)
  6 goblins
  5 hobgoblins
  3 jackals (D:1)
  5 kobolds
  2 quokkas
  4 ball pythons
  2 bats (D:1)
  4 frilled lizards
37 creatures vanquished.

Vanquished Creatures (collateral kills)
  A ball python (D:2)
  A bat (D:2)
  A rat (D:2)
3 creatures vanquished.

Vanquished Creatures (others)
  A bat zombie (D:1)
  2 ball python zombies (D:2)
  A kobold zombie (D:2)
  A plant (D:1)
5 creatures vanquished.

Grand Total: 45 creatures vanquished

Notes
Turn   | Place    | Note
-------+----------+-------------------------------------------
     0 | D:1      | booth the Demonspawn Gladiator began the quest for the Orb.
     0 | D:1      | Reached XP level 1. HP: 16/16 MP: 1/1
   113 | D:1      | Gained mutation: You are partially covered in slimy green
                  | scales. (AC +2) [demonic ancestry]
   113 | D:1      | Reached XP level 2. HP: 20/22 MP: 2/2
   336 | D:1      | Found a faded altar of an unknown god.
   342 | D:1      | Prayed at the altar of an unknown god.
   342 | D:1      | Became a worshipper of Yredelemnul the Dark
   342 | D:1      | Reached * piety under Yredelemnul
   431 | D:1      | Reached ** piety under Yredelemnul
   432 | D:1      | Gained mutation: You have large cloven feet. [demonic
                  | ancestry]
   432 | D:1      | Reached XP level 3. HP: 26/28 MP: 3/3
   448 | D:1      | You fall into a shaft and drop 1 floor!
   712 | D:1      | Found Natath's Weapon Boutique.
  1505 | D:2      | Slain by a gnoll

Illustrated notes

Levels and vault maps discovered:
D:1:      psy_arrival_conway, layout_rooms, serial_shops,
          nicolae_shop_statue_plus, ebering_ecumenical_altar_hall
D:2:      layout_loops_corners, chequers_serial_rivers_small_a, minmay_vboxes

Skill      XL: |  1  2 |
---------------+-------+-----
Throwing       | 2 |  2.3
Axes           | 3 |  3.1
Dodging        | 3 |  3.2
Fighting       | |  2.6

Action                   || total
-------------------------++-------
Melee: War axe           ||    99
       Kick              ||     3
       Punch             ||     1
Throw: Javelin           ||     1
Invok: Recall Undead Har ||     3
  Use: Scroll            ||     3
Armor: Leather armour    ||    43
Dodge: Dodged            ||    66
